 Dungeon Crawl Stone Soup version 0.25-a0-277-g7046ed1b37 (webtiles) character file.

Game seed: 1263431466586165060, levelgen mode: deterministic

29 Lanoc the Covered (level 3, 0/22 HPs)
             Began as a Gargoyle Wanderer on Dec 9, 2019.
             Slain by Natasha (6 damage)
             ... on level 2 of the Dungeon.
             The game lasted 00:01:35 (957 turns).

Lanoc the Covered (Gargoyle Wanderer)                Turns: 957, Time: 00:01:35

Health: 0/22       AC:  8    Str: 15    XL:     3   Next: 16%
Magic:  3/3        EV: 11    Int: 12    God:
Gold:   63         SH:  0    Dex: 10    Spells: 2/2 levels left

rFire    . . .     SeeInvis .   b - +2 hand crossbow
rCold    . . .     Gourm    .   (no shield)
rNeg     + . .     Faith    .   d - +0 ring mail
rPois    ∞         Spirit   .   (no helmet)
rElec    +         Reflect  .   (no cloak)
rCorr    .         Harm     .   (no gloves)
MR       .....                  (no boots)
Stlth    +.........             (no amulet)
HPRegen  0.07/turn              (no ring)
MPRegen  0.08/turn              (no ring)

@: no status effects
A: negative energy resistance 1, electricity resistance, unbreathing,
petrification resistance, rot immunity, AC +3
a: no special abilities


You were on level 2 of the Dungeon.
You were not hungry.

You visited 1 branch of the dungeon, and saw 2 of its levels.

You collected 63 gold pieces.

Inventory:

Hand Weapons
 a - a +0 spear
 b - a +2 hand crossbow (weapon)
Missiles
 h - 8 curare-tipped darts
 j - 20 bolts (quivered)
Armour
 d - a +0 ring mail (worn)
Scrolls
 e - 3 scrolls of identify {unknown}
 g - a scroll of blinking {unknown}
 i - a scroll of teleportation {unknown}
 k - a scroll of magic mapping {unknown}
Potions
 c - a potion of curing
 l - a potion of flight {unknown}
Comestibles
 f - 3 rations


   Skills:
 + Level 2.6 Fighting
 + Level 2.4 Crossbows
 - Level 1.0 Throwing
 + Level 2.6 Armour
 + Level 2.0 Dodging
 - Level 1.1 Stealth


You had 2 spell levels left.
You didn't know any spells.
Your spell library was empty.

Dungeon Overview and Level Annotations

Branches:
Dungeon (2/15)

Altars:

Annotations:
D:2 Natasha


Innate Abilities, Weirdness & Mutations

You are resistant to torment.
Your stone body is resilient. (AC +3)
You are immune to poison.
You resist negative energy. (rN+)
You are resistant to electric shocks. (rElec)
You can survive without breathing.
You are immune to petrification.
You are immune to rotting.


Message History

* * * LOW HITPOINT WARNING * * *
Firing (i - inventory. (/) - cycle)
j - 23 bolts (quivered)
Press: ? - help, Shift-Dir - straight line, f - Natasha
Aim: Natasha, carrying a wand of random effects (14)
You shoot a bolt. The bolt closely misses Natasha.
Natasha closely misses you.
Firing (i - inventory. (/) - cycle)
j - 22 bolts (quivered)
Press: ? - help, Shift-Dir - straight line, f/p - Natasha
Aim: Natasha, carrying a wand of random effects (14)
You shoot a bolt. The bolt completely misses Natasha.
Natasha closely misses you.
Natasha howls an incantation.
Natasha glows brightly for a moment.
Natasha closely misses you.
Firing (i - inventory. (/) - cycle)
j - 21 bolts (quivered)
Press: ? - help, Shift-Dir - straight line, f/p - Natasha
Aim: Natasha, carrying a wand of random effects (14)
You shoot a bolt.
The bolt hits Natasha but does no damage.
Natasha claws you.
You die...

#.#...# #.....#
.##.#...#
.......#
##.#...##
...(...# ..#.#
#.#.h..# #.#.#
#.###@.# ..#
#.#.# #..†...#
#.# ...#
#.####.# #.#
#..# #.# .# #.##
#..# #.# .#
#.##.##..###.###
?#
...#...........#
..
...####...##.###
##
....†.....##.#


You could see Natasha.

Vanquished Creatures
  An adder (D:2)
  An ooze (D:1)
  A bat (D:1)
  2 giant cockroaches (D:2)
  A goblin (D:1)
  3 hobgoblins
  A quokka (D:2)
  A kobold (D:1)
  4 rats
15 creatures vanquished.

Notes
Turn   | Place    | Note
-------+----------+-------------------------------------------
     0 | D:1      | Lanoc the Gargoyle Wanderer began the quest for the Orb.
     0 | D:1      | Lanoc set off with the following items: a +2 hand crossbow,
                  | 24 bolts, a potion of curing, a +0 ring mail, a ration
     0 | D:1      | Reached XP level 1. HP: 12/12 MP: 1/1
   269 | D:1      | Reached XP level 2. HP: 13/18 MP: 2/2
   948 | D:2      | Reached XP level 3. HP: 11/22 MP: 3/3
   953 | D:2      | Noticed Natasha
   957 | D:2      | Slain by Natasha

Levels and vault maps discovered:
D:1:      beargit_arrival_greenhouse, layout_basic, serial_forest,
          infiniplex_forest_end_1, infiniplex_forest_zigzag_2,
          infiniplex_forest_clump_small, infiniplex_forest_straight_3,
          infiniplex_forest_corner_1, serial_bayou_lagoon_a
D:2:      layout_basic, uniq_terence, uniq_natasha

Skill      XL: |  1  2 |
---------------+-------+-----
Dodging        | 2 |  2.0
Fighting       | |  2.6
Crossbows      | |  2.4
Throwing       | |  1.0
Armour         | |  2.6
Stealth        | |  1.1

Action                   || total
-------------------------++-------
Melee: Unarmed           ||    48
       Spear             ||    50
 Fire: Hand crossbow     ||     9
Armor: Ring mail         ||    39
Dodge: Dodged            ||    77

Table legend:
 A = Non-vault XP
 B = Vault XP
 C = Vault XP percentage of total XP
 D = Non-vault monster count
 E = Vault monster count
 F = Vault count percentage of total count
                 A         B        C        D         E       F
            +---------+---------+-------+---------+---------+-------
      Total |      42 |       0 |   0.0 |      15 |       0 |   0.0
            +---------+---------+-------+---------+---------+-------
        D:1 |      17 |       0 |   0.0 |       7 |       0 |   0.0
        D:2 |      25 |       0 |   0.0 |       8 |       0 |   0.0
            +---------+---------+-------+---------+---------+-------
